 Dungeon Crawl Stone Soup version 0.32-a0-900-g30fb1b0 (webtiles) character file.

Game seed: 7369645086122388610

620426 piuy the Omniscient (level 26, -18/328 HPs)
             Began as a Gnoll Ice Elementalist on Apr 4, 2024.
             Was the Champion of Ashenzari.
             Demolished by a reaper
             ... wielding a +2 scythe of flaming
              (27 damage)
             ... in Pandemonium on Apr 5, 2024.
             The game lasted 06:51:37 (69949 turns).

piuy the Omniscient (Gnoll Ice Elementalist)       Turns: 69949, Time: 06:51:37

Health: -18/328    AC: 33    Str: 17    XL:     26   Next: 52%
Magic:  1/48       EV:  2    Int: 30    God:    Ashenzari [******]
Gold:   7846       SH: 18    Dex: 21    Spells: 2/67 levels left

rFire   + . .        W - +9 long sword "Cryptic Repose" {speed, rC+ rCorr Dex+4, Bglg, Self} (curse)
rCold   + . .        i - +2 kite shield "Overhang to Understand" {rN+, Cun, Melee} (curse)
rNeg    + . .        l - melded quicksilver dragon scales of Ashenzari's Omen {Will+ Str+2 Dex+3, Range, Cun} (curse)
rPois   +            v - melded +1 hat "Revealing Entitlement" {Int+3, Sorc, Dev} (curse)
rElec   .            B - melded scarf of the All-seeing Augurer {rC+ rF+, Melee, Elem} (curse)
rCorr   +            T - melded +0 pair of gloves "Polytheism of Ashenzari" {rElec Will+ Str+3 Int-3, Dev, Sorc} (curse)
SInv    +            o - melded +1 pair of boots of Apeoromancy {rampage, Bglg, Cun} (curse)
Will    ++...        y - amulet of the Chained Loss {rPois Regen+ Str+4 Slay+3 SInv, Dev, Cun} (curse)
Stlth   +++++++++    m - ring "Sublime Pantheism" {Wiz Str+5 Int+3 Dex+3, Comp, Bglg} (curse)
HPRegen 1.54/turn    K - ring of the Unyielding Gaze {rPois rF+ Int+4 Slay+5 Stlth+, Dev, Bglg} (curse)
MPRegen 0.31/turn

%: clarity, wizardry (x1)
@: tree-form, fragile (+50% incoming damage), studying Conjurations
A: stationary, stasis, torment immunity, boosted hp, (fangs 1), strong nose,
distributed training, (deformed body), dopey 1, strong-willed 1, wild magic 2,
no potion heal 1
}: 6/15 runes: decaying, serpentine, slimy, silver, abyssal, glowing
a: Renounce Religion, Shatter the Chains


You were in Pandemonium.
You worshipped Ashenzari.
Ashenzari was exalted by your worship.
You were a tree.
You visited 10 branches of the dungeon, and saw 48 of its levels.
You visited Pandemonium 1 time, and saw 5 of its levels.
You visited the Abyss 2 times.
You also visited: Sewer, Gauntlet, Ice Cave and Volcano.

You collected 11564 gold pieces.
You spent 3718 gold pieces at shops.

Inventory:

Hand Weapons
 W - the cursed +9 long sword "Cryptic Repose" (weapon) {speed, rC+ rCorr Dex+4, Bglg, Self}
   (You took it off a naga mage on level 4 of the Snake Pit)

   Dex+4:     It affects your dexterity (+4).
   rC+:       It protects you from cold.
   rCorr:     It protects you from acid and corrosion.
   It has a curse which improves the following skills: Beguiling: Hexes and
   Translocations.
   Introspection: Fighting and Spellcasting.
Missiles
 E - 21 curare-tipped darts
 L - 3 throwing nets
Armour
 i - the cursed +2 kite shield "Overhang to Understand" (worn) {rN+, Cun, Melee}
   (You took it off a naga warrior on level 4 of the Snake Pit)

   It has a curse which improves the following skills: Cunning: Dodging and
   Stealth.
   Melee Combat: Short Blades, Long Blades, Axes, Maces & Flails, Polearms,
   Staves and Unarmed Combat.
 l - the cursed quicksilver dragon scales of Ashenzari's Omen (melded) {Will+ Str+2 Dex+3, Range, Cun}
   (You bought it in a shop on level 4 of the Dungeon)

   Str+2:     It affects your strength (+2).
   Dex+3:     It affects your dexterity (+3).
   Will+:     It increases your willpower.
   It has a curse which improves the following skills: Ranged Combat: Ranged
   Weapons and Throwing.
   Cunning:   Dodging and Stealth.
 o - the cursed +1 pair of boots of Apeoromancy (melded) {rampage, Bglg, Cun}
   (You bought it in a shop on level 2 of the Orcish Mines)

   It has a curse which improves the following skills: Beguiling: Hexes and
   Translocations.
   Cunning:   Dodging and Stealth.
 u - the +3 faerie dragon scales {rCorr Str+4}
   (You took it off the Enchantress on level 3 of the Depths)

   Str+4:     It affects your strength (+4).
   rCorr:     It protects you from acid and corrosion.
 v - the cursed +1 hat "Revealing Entitlement" (melded) {Int+3, Sorc, Dev}
   (You took it off Gastronok on level 2 of the Lair of Beasts)

   It has a curse which improves the following skills: Sorcery: Conjurations and
   Alchemy.
   Devices:   Evocations and Shapeshifting.
 B - the cursed scarf of the All-seeing Augurer (melded) {rC+ rF+, Melee, Elem}
   (You found it on level 4 of the Dungeon)

   It has a curse which improves the following skills: Melee Combat: Short
   Blades, Long Blades, Axes, Maces & Flails, Polearms, Staves and Unarmed
   Combat.
   Elements:  Fire Magic, Ice Magic, Air Magic and Earth Magic.
 T - the cursed +0 pair of gloves "Polytheism of Ashenzari" (melded) {rElec Will+ Str+3 Int-3, Dev, Sorc}
   (You found it on level 4 of the Vaults)

   Str+3:     It affects your strength (+3).
   Int-3:     It affects your intelligence (-3).
   rElec:     It insulates you from electricity.
   Will+:     It increases your willpower.
   It has a curse which improves the following skills: Devices: Evocations and
   Shapeshifting.
   Sorcery:   Conjurations and Alchemy.
Jewellery
 m - the cursed ring "Sublime Pantheism" (left branch) {Wiz Str+5 Int+3 Dex+3, Comp, Bglg}
   (You took it off a deep elf demonologist on level 3 of the Elven Halls)

   [ring of wizardry]

   Wiz:       It improves your spell success rate.
   Str+5:     It affects your strength (+5).
   Int+3:     It affects your intelligence (+3).
   Dex+3:     It affects your dexterity (+3).
   It has a curse which improves the following skills: Companions: Summonings
   and Necromancy.
   Beguiling: Hexes and Translocations.
 s - a +6 ring of intelligence
 y - the cursed amulet of the Chained Loss (around neck) {rPois Regen+ Str+4 Slay+3 SInv, Dev, Cun}
   (You found it on level 4 of the Dungeon)

   [amulet of regeneration]

   Str+4:     It affects your strength (+4).
   Slay+3:    It affects your accuracy & damage with ranged weapons and melee
   (+3).
   rPois:     It protects you from poison.
   SInv:      It lets you see invisible.
   Regen+:    It increases your rate of health regeneration.
   It has a curse which improves the following skills: Devices: Evocations and
   Shapeshifting.
   Cunning:   Dodging and Stealth.
 G - the amulet "Erruma" {Reflect rElec rF+ SH+5}
   (You took it off a deep elf blademaster on level 3 of the Elven Halls)

   [amulet of reflection]

   Reflect:   It reflects blocked missile attacks.
   rF+:       It protects you from fire.
   rElec:     It insulates you from electricity.
   SH+5:      It affects your SH (+5).
 J - a ring of positive energy
 K - the cursed ring of the Unyielding Gaze (right branch) {rPois rF+ Int+4 Slay+5 Stlth+, Dev, Bglg}
   (You took it off a deep elf annihilator on level 5 of the Vaults)

   [ring of poison resistance]

   Int+4:     It affects your intelligence (+4).
   Slay+5:    It affects your accuracy & damage with ranged weapons and melee
   (+5).
   rF+:       It protects you from fire.
   rPois:     It protects you from poison.
   Stlth+:    It makes you more stealthy.
   It has a curse which improves the following skills: Devices: Evocations and
   Shapeshifting.
   Beguiling: Hexes and Translocations.
 U - the amulet of Buuga {Reflect rC+ Str-5 Slay+5 SH+5 SInv}
   (You found it on level 5 of the Pits of Slime)

   [amulet of reflection]

   Reflect:   It reflects blocked missile attacks.
   Str-5:     It affects your strength (-5).
   Slay+5:    It affects your accuracy & damage with ranged weapons and melee
   (+5).
   rC+:       It protects you from cold.
   SInv:      It lets you see invisible.
   SH+5:      It affects your SH (+5).
Wands
 a - a wand of mindburst (31)
 g - a wand of flame (8)
 q - a wand of iceblast (135)
 w - a wand of digging (15)
 D - a wand of acid (12)
 F - a wand of paralysis (75)
Scrolls
 c - 4 scrolls of fear
 d - 4 scrolls of enchant armour
 j - 2 scrolls of summoning
 r - 3 scrolls of fog
 t - 9 scrolls of teleportation
 x - 8 scrolls of poison
 A - 3 scrolls of revelation
 O - 7 scrolls of enchant weapon
 Q - a scroll of silence
 S - a scroll of amnesia
 X - 5 scrolls of brand weapon
Potions
 b - 4 potions of magic
 e - 5 potions of resistance
 f - 7 potions of ambrosia
 h - 9 potions of haste
 k - 3 potions of attraction
 p - 2 potions of cancellation
 z - 5 potions of enlightenment
 H - 2 potions of lignification
 I - 15 potions of curing
 N - 6 potions of might
 P - 4 potions of berserk rage
 V - 9 potions of brilliance
Miscellaneous
 n - a Gell's gravitambourine (2/2)
 M - a lightning rod (4/4)
 R - a condenser vane
 Y - a phantom mirror
 Z - a box of beasts


   Skills:
 + Level 18.3(20.5) Fighting
 + Level 18.3(20.5) Short Blades
 + Level 18.3(20.5) Long Blades
 + Level 18.3(20.5) Axes
 + Level 18.3(20.5) Maces & Flails
 + Level 18.3(20.5) Polearms
 + Level 18.3(20.5) Staves
 + Level 18.3 Ranged Weapons
 + Level 18.3 Throwing
 + Level 18.3 Armour
 + Level 18.8(22.1) Dodging
 + Level 18.7(22.0) Stealth
 + Level 18.3 Shields
 + Level 18.3(20.5) Unarmed Combat
 + Level 18.8(21.0) Spellcasting
 + Level 18.8 Conjurations
 + Level 15.6(20.2) Hexes
 + Level 15.6(17.9) Summonings
 + Level 15.6(17.9) Necromancy
 + Level 15.6(20.2) Translocations
 + Level 15.6 Fire Magic
 + Level 16.9 Ice Magic
 + Level 15.6 Air Magic
 + Level 15.6 Earth Magic
 + Level 15.6 Alchemy
 + Level 19.8 Invocations
 + Level 18.3(21.6) Evocations
 + Level 16.9(20.3) Shapeshifting


You had 2 spell levels left.
You knew the following spells:

 Your Spells              Type           Power      Damage    Failure   Level
a - Freeze                Ice            100%       1d10      1%          1
b - Frozen Ramparts       Ice            100%       1d16      1%          3
c - Ozocubu's Armour      Ice            100%       N/A       1%          3
d - Summon Ice Beast      Ice/Summ       100%       N/A       1%          3
e - Infestation           Necr           61%        N/A       6%          8
f - Passage of Golubria   Tloc           100%       N/A       1%          4
g - Spellforged Servitor  Conj/Summ      61%        N/A       1%          7
h - Ozocubu's Refrigerat  Ice            59%        4d20      1%          7
i - Lesser Beckoning      Tloc           100%       N/A       1%          2
j - Blink                 Tloc           100%       N/A       1%          2
k - Orb of Destruction    Conj           62%        9d15      1%          7
l - Lehudib's Crystal Sp  Conj/Erth      60%        10d14     8%          8
m - Maxwell's Capacitive  Air            58%        ∞         14%         8
n - Sublimation of Blood  Necr           100%       N/A       1%          2

Your spell library contained the following spells:

 Spells                   Type           Power      Damage    Failure   Level
 Kiss of Death            Conj/Necr      100%       2d13      1%          1
 Sandblast                Erth           100%       2d20      1%          1
 Shock                    Conj/Air       100%       1d9       1%          1
 Call Imp                 Summ           100%       N/A       1%          2
 Cigotuvi's Dreadful Rot  Necr/Alch/Air  100%       N/A       1%          2
 Ensorcelled Hibernation  Hex/Ice        100%       N/A       1%          2
 Jinxbite                 Hex            100%       N/A       1%          2
 Mercury Vapours          Alch/Air       100%       N/A       1%          2
 Momentum Strike          Conj/Tloc      100%       3d10      1%          2
 Scorch                   Fire           100%       2d9       1%          2
 Static Discharge         Conj/Air       100%       3-8/arc   1%          2
 Confusing Touch          Hex            100%       N/A       1%          3
 Dazzling Flash           Conj/Hex       100%       N/A       1%          3
 Fugue of the Fallen      Necr           100%       N/A       1%          3
 Hailstorm                Conj/Ice       100%       3d16      1%          3
 Maxwell's Portable Pile  Tloc           100%       2d(15-43) 1%          3
 Mephitic Cloud           Conj/Alch/Air  100%       N/A       1%          3
 Passwall                 Erth           100%       N/A       1%          3
 Stone Arrow              Conj/Erth      100%       3d13      1%          3
 Swiftness                Air            100%       N/A       1%          3
 Teleport Other           Tloc           100%       N/A       1%          3
 Tukima's Dance           Hex            100%       N/A       1%          3
 Volatile Blastmotes      Fire/Tloc      100%       2d18      1%          3
 Airstrike                Air            58%        2d(9-25)  1%          4
 Anguish                  Hex/Necr       62%        N/A       1%          4
 Animate Armour           Summ/Erth      100%       N/A       1%          4
 Animate Dead             Necr           100%       N/A       1%          4
 Brom's Barrelling Bould  Conj/Erth      100%       2d11      1%          4
 Cause Fear               Hex            64%        N/A       1%          4
 Dimensional Bullseye     Hex/Tloc       64%        N/A       1%          4
 Dispel Undead            Necr           100%       3d31      1%          4
 Flame Wave               Conj/Fire      100%       2d21      1%          4
 Ignite Poison            Fire/Alch      100%       N/A       1%          4
 Iskenderun's Mystic Bla  Conj/Tloc      100%       2d19      (+2d11%     4
 Leda's Liquefaction      Alch/Erth      58%        N/A       1%          4
 Summon Blazeheart Golem  Fire/Summ      100%       N/A       1%          4
 Summon Lightning Spire   Summ/Air       100%       N/A       1%          4
 Vhi's Electric Charge    Tloc/Air       100%       N/A       1%          4
 Arcjolt                  Conj/Air       60%        1d70      1%          5
 Borgnjor's Vile Clutch   Necr/Erth      59%        N/A       1%          5
 Curse of Agony           Necr           100%       N/A       1%          5
 Fireball                 Conj/Fire      60%        3d23      1%          5
 Freezing Cloud           Conj/Ice/Air   60%        6-21      1%          5
 Iskenderun's Battlesphe  Conj           100%       2d15      1%          5
 Lee's Rapid Deconstruct  Erth           58%        3d27*     1%          5
 Metabolic Englaciation   Hex/Ice        62%        N/A       1%          5
 Silence                  Hex/Air        61%        N/A       1%          5
 Summon Mana Viper        Hex/Summ       100%       N/A       1%          5
 Yara's Violent Unravell  Hex/Alch       61%        3d23      1%          5
 Bombard                  Conj/Erth      60%        9d10      1%          6
 Conjure Ball Lightning   Conj/Air       60%        3x3d22    1%          6
 Death Channel            Necr           61%        N/A       1%          6
 Dispersal                Tloc           64%        N/A       1%          6
 Gell's Gavotte           Tloc           64%        2d(40-59) 1%          6
 Permafrost Eruption      Ice/Erth       59%        2x4d13    1%          6
 Sculpt Simulacrum        Ice/Alch       59%        N/A       1%          6
 Summon Cactus Giant      Summ           61%        N/A       1%          6
 Enfeeble                 Hex            64%        N/A       1%          7
 Haunt                    Necr/Summ      61%        N/A       1%          7
 Manifold Assault         Tloc           64%        N/A       1%          7
 Monstrous Menagerie      Summ           61%        N/A       1%          7
 Summon Hydra             Summ           61%        N/A       1%          7
 Disjunction              Tloc           64%        N/A       3%          8
 Borgnjor's Revivificati  Necr           61%        N/A       6%          8
 Dragon's Call            Summ           61%        N/A       52%         9
 Polar Vortex             Ice            59%        12d7*     63%         9


Dungeon Overview and Level Annotations

Branches:
Dungeon (15/15)            Temple (1/1) D:7            Lair (5/5) D:11
  Swamp (4/4) Lair:2        Snake (4/4) Lair:2        Slime (5/5) Lair:5
    Orc (2/2) D:9             Elf (3/3) Orc:2        Vaults (5/5) D:13
  Crypt (0/3) Vaults:3     Depths (4/4) D:15            Zot (0/5) Depths:4
  Sewer (visited)           IceCv (visited)         Volcano (visited)
Gauntlet (visited)

Altars:
Ashenzari
Cheibriados
Dithmenos
Elyvilon
Fedhas
Gozag
Hepliaklqana
Kikubaaqudgha
Makhleb
Nemelex Xobeh
Okawaru
Qazlal
Ru
Sif Muna
Trog
Uskayaw
Vehumet
Wu Jian
Xom
Yredelemnul
Zin
The Shining One
Beogh
Jiyva

Shops:
D:2 *   D:4 [   D:13 **[   Orc:2 ([[!   Elf:2 ?   Elf:3 [   Snake:1 ![
Snake:4 *   Vaults:1 [[([   Vaults:4 [   Depths:1 *   Depths:4 *

Portals:
Hell: Depths:1 Depths:2 Depths:3 Depths:4
Abyss: Lair:1 Depths:1 Depths:3
Pandemonium: Depths:2 Depths:3
Ziggurat: Depths:3
Trove: D:10 (give 17 scrolls of teleportation)

Annotations:
Swamp:4 3 runed translucent doors, Zadaah's ghost, adept SpAE
Snake:1 2 transporters


Innate Abilities, Weirdness & Mutations

You are a tree.
Your roots penetrate the ground, keeping you stationary.
You cannot be teleported.
You are immune to unholy pain and torment.
Your maximum health is greatly increased.
Your equipment is partially melded.
((You have very sharp teeth.))
Your uncanny sense of smell can sniff out nearby items.
Your experience applies equally to all skills.
((Armour fits poorly on your strangely shaped body.))
You are dopey. (Int -2)
You are strong-willed. (Will+)
Your spells are harder to cast, but more powerful.
Potions are less effective at restoring your health.


Message History

You block the reaper's attack. The reaper hits you but does no damage.
Casting: Spellforged Servitor (mildly dangerous; 1% risk of failure)
Confirm with . or Enter, or press ? or * to list all spells.
You summon a servant imbued with your destructive magic!
You block the reaper's attack.
Casting: Spellforged Servitor (mildly dangerous; 1% risk of failure)
Confirm with . or Enter, or press ? or * to list all spells.
You don't have enough magic to cast this spell.
You block the reaper's attack. x2
You closely miss the reaper. Your bite misses the reaper.
You hit the reaper but do no damage. You hit the reaper.
The reaper is lightly wounded.
You block the reaper's attack.
The reaper hits you with a +2 scythe of flaming!
* * * LOW HITPOINT WARNING * * *
The reaper drags you backwards! The reaper burns you.
* * * LOW HITPOINT WARNING * * *
You slash the reaper! Your bite misses the reaper.
The reaper is lightly wounded.
You turn into a tree.
The cursed scarf of the All-seeing Augurer {rC+ rF+, Melee, Elem} melds into your body.
The cursed +1 hat "Revealing Entitlement" {Int+3, Sorc, Dev} melds into your body.
The cursed +0 pair of gloves "Polytheism of Ashenzari" {rElec Will+ Str+3 Int-3, Dev, Sorc} melds into your body.
The cursed +1 pair of boots of Apeoromancy {rampage, Bglg, Cun} melds into your body.
The cursed quicksilver dragon scales of Ashenzari's Omen {Will+ Str+2 Dex+3, Range, Cun} melds into your body.
You feel hot and cold all over.
You feel stupid.
You no longer feel able to rampage towards enemies.
Your roots penetrate the ground.
The reaper hits you with a +2 scythe of flaming!
* * * LOW HITPOINT WARNING * * *
The reaper burns you.
* * * LOW HITPOINT WARNING * * *
You block the reaper's attack.
Your system partially rejects the healing.
You feel better.
The reaper hits you with a +2 scythe of flaming!!
You die...

*,* *,,,,,******
*,** *#...,....#,
,*,* #..##.....,
,,** #..#......,
,,,* #.........,
,,,* #.........,
,,,* ##.........,
,,,* #.)........,
,,,* ##..♣2......,
,,,***#.9#2.......,
,,,*#...##........,
,,,#...#*##.......,
,,,#..#* *#....^.,
,,..##* **,......,
,..,,** **,,......,
,.,,,,***,,,......,
,,,*,,**,,,,,.....,


You could see 2 reapers and a friendly spellforged servitor (summoned).

Vanquished Creatures
  the Royal Jelly (Slime:5)
  Dissolution (Slime:4)
  A dread lich (Vaults:5)
  A pandemonium lord (Pan)
  An ancient lich (Vaults:5)
  2 juggernauts (Depths:3)
  Saint Roka (Vaults:3)
  Margery (Depths:4)
  the Enchantress (Depths:3)
  2 golden dragons (Vaults:5)
  A bone dragon (Swamp:4)
  A hellephant (Depths:4)
  4 tentacled monstrosities
  A walking crystal tome (Depths:2)
  A Hell Sentinel (Pan)
  2 deep elf blademasters (Elf:3)
  The ghost of korenl137 the Stormcaller, an adept TeAE of Vehumet (Elf:1)
  3 liches
  A deep elf master archer (Elf:3)
  2 tentacled starspawn (Abyss:3)
  20 acid blobs
  A titan (Depths:2)
  An Executioner (Pan)
  8 sphinxes
  6 shadow dragons
  Agnes (D:15)
  4 storm dragons
  Aizul (Snake:4)
  5 tengu reavers
  Donald (Swamp:3)
  Kirke (D:12)
  11 rockslimes
  9 azure jellies
  16 nagarajas
  6 frost giants
  3 fire giants
  6 deep elf sorcerers
  4 protean progenitors (Pan)
  2 fenstrider witches (Swamp:4)
  12 vault wardens
  Louise (Elf:1)
  An iron dragon (Vaults:5)
  4 deep elf elementalists (Elf:3)
  4 orc warlords
  11 cacodemons (Pan)
  A draconian stormcaller (Depths:4)
  A balrug (Pan)
  4 spriggan defenders (Depths:3)
  8 formless jellyfish
  19 ironbound preservers
  18 quicksilver oozes
  An ironbound thunderhulk (Vaults:4)
  11 stone giants
  27 very ugly things
  9 deep elf annihilators
  Nessos (D:15)
  A green draconian (Depths:4)
  2 vampire knights (Vaults:3)
  A lorocyproca (Pan)
  A yellow draconian (Depths:4)
  5 eleionomae
  5 deep elf death magi
  4 war gargoyles
  3 deep elf demonologists (Elf:3)
  2 bunyips
  3 spark wasps (Depths:2)
  A minotaur (Gauntlet)
  A demonspawn black sun (Pan)
  25 dire elephants
  9 ettins
  5 crystal guardians
  9 fire dragons
  Josephine (Lair:4)
  6 great orbs of eyes
  12 yaktaur captains
  The ghost of dddddd the Cleaver, a journeyman MDFi of Okawaru (D:11)
  A shambling mangrove (Swamp:2)
  2 deep elf high priests (Elf:3)
  9 hydras
  2 peacekeepers
  An entropy weaver (Vaults:1)
  6 salamander tyrants
  3 ghost crabs
  19 vault guards
  Erica (D:8)
  5 spriggan air magi
  3 ogre magi
  2 rakshasas (Depths:3)
  10 ice dragons
  9 ironbound frosthearts
  12 centaur warriors
  A radroach (Pan)
  8 alligators
  10 anacondas
  4 catoblepae
  12 dancing weapons
  8 two-headed ogres
  3 deep troll earth magi
  3 death yaks (Lair:5)
  6 boulder beetles
  3 death scarabs (Gauntlet)
  5 deep troll shamans
  The ghost of piuy the Devastator, a journeyman OpCj of Vehumet (Lair:1)
  3 tengu warriors
  3 thrashing horrors (Abyss:3)
  A hell hog (Lair:1)
  7 orc high priests
  5 spriggan berserkers
  9 naga sharpshooters
  13 naga warriors
  4 shock serpents
  2 occultists
  2 soul eaters (Pan)
  13 spriggans
  5 sun demons
  A hell knight (Depths:2)
  13 deep elf knights
  A storm dragon zombie (Depths:1)
  A skeletal warrior (D:13)
  A skyshark (Lair:5)
  Lodul (D:13)
  2 iron trolls
  A wretched star (Abyss:3)
  A sea snake (shapeshifter) (Vaults:5)
  12 sixfirhies
  A storm dragon skeleton (Depths:1)
  2 salamander mystics
  3 goliath frogs
  4 sea snakes
  3 spriggan druids
  3 glowing orange brains
  8 deep elf archers
  9 shadow demons (Pan)
  4 mana vipers
  7 arcanists
  7 bog bodies
  6 naga ritualists
  42 deep trolls
  An obsidian statue (IceCv)
  Pikel (D:5)
  3 swamp dragons
  34 deep elf pyromancers
  A spectral alligator (Swamp:4)
  6 spectral hydras
  21 orc knights
  3 phantasmal warriors
  5 necromancers
  5 thermic dynamos
  10 ironbound convokers
  An obsidian bat (Orc:1)
  17 deep elf zephyrmancers
  10 lindwurms
  A stone giant zombie (Depths:2)
  A sphinx simulacrum (Vaults:2)
  4 will-o-the-wisps
  43 ugly things
  6 orc sorcerers
  5 shining eyes
  A frost giant zombie (Depths:1)
  11 salamanders
  2 human zombies (Vaults:2)
  4 cyclopes
  A fire giant skeleton (Vaults:2)
  4 meliai
  6 manticores
  A moth of wrath (shapeshifter) (Vaults:3)
  2 guardian serpents
  38 black mambas
  11 naga magi
  84 slime creatures
  14 elephants
  A molten gargoyle (Depths:4)
  10 orange demons (Pan)
  A smoke demon (Pan)
  17 vault sentinels
  An eye of devastation (Pan)
  2 torpor snails
  8 cane toads
  A water nymph (shapeshifter) (Depths:3)
  An ice statue (D:11)
  A titan simulacrum (Depths:2)
  An unseen horror (D:12)
  7 swamp worm zombies (Swamp:4)
  4 freezing wraiths
  3 large abominations (Elf:1)
  12 komodo dragons
  3 rime drakes
  2 centaur skeletons (D:13)
  An ice devil (IceCv)
  A tengu conjurer (D:14)
  2 efreet
  3 kobold demonologists
  3 tormentors (Pan)
  A yaktaur (shapeshifter) (Elf:3)
  A hellion (Depths:2)
  24 yaktaurs
  A polar bear (Lair:3)
  A golden dragon simulacrum (IceCv)
  3 hydra zombies (Swamp:4)
  2 red devils
  2 hellwings (Pan)
  9 trolls
  3 bloated husks
  7 tyrant leeches
  An alligator simulacrum (IceCv)
  13 hornets
  A raiju (Lair:1)
  A jumping spider (Vaults:1)
  2 jumping spiders (shapeshifter)
  2 glass eyes
  2 spectral swamp dragons (Swamp:4)
  15 blink frogs
  A fire giant simulacrum (Depths:2)
  5 dream sheep
  2 spectral black mambas (Gauntlet)
  2 centaur simulacra (D:15)
  2 air elementals
  Sigmund (D:2)
  3 ynoxinuls (Pan)
  A shadow (D:11)
  74 yaks
  A vampire (D:11)
  7 wyverns
  2 water elementals
  4 wraiths
  An elf simulacrum (Vaults:2)
  2 tyrant leech zombies (Swamp:4)
  3 fire bats (Lair:4)
  5 basilisks
  20 vampire mosquitoes
  15 golden eyes
  A golden eye (shapeshifter) (D:14)
  11 fire elementals
  2 hogs (D:12)
  10 neqoxecs (Pan)
  5 steam dragons (Lair:5)
  6 chaos spawn (Pan)
  A warg (Orc:1)
  5 acid dragons
  26 nagas
  13 swamp worms
  12 water moccasins
  5 hydra simulacra
  5 hell hounds (Volcano)
  27 orc warriors
  3 nameless horrors
  A swamp drake (Lair:5)
  5 ice beasts
  4 swamp dragon zombies (Swamp:4)
  16 ogres
  22 centaurs
  6 boggarts
  11 wolves
  4 phantoms
  4 elf zombies (Elf:1)
  3 lemures (D:5)
  10 kobold brigands
  5 brain worms (Pan)
  13 bullfrogs
  3 scorpions
  3 earth elementals
  A deep troll simulacrum (IceCv)
  6 wights
  22 killer bees
  An electric eel (D:15)
  15 howler monkeys
  2 bombardier beetles (D:4)
  4 gnoll boudas (D:7)
  A hound (D:5)
  19 orc priests
  5 starcursed masses (Abyss:3)
  Natasha (twice) (D:2)
  15 orc wizards
  A sleepcap (D:5)
  5 iguanas
  2 boggart skeletons (D:13)
  5 hell rats (Lair:5)
  15 gnolls (D:7)
  5 adders
  7 river rats (Lair:5)
  A shadow imp (D:6)
  A white imp (D:6)
  2 ribbon worms
  3 dart slugs
  64 orcs
  9 endoplasms
  6 giant cockroaches
  7 goblins
  5 hobgoblins
  8 jackals
  18 kobolds
  3 quokkas (D:3)
  8 ball pythons
  7 bats
  7 frilled lizards
  12 rats
  2 starspawn tentacles (Abyss:3)
1936 creatures vanquished.

Vanquished Creatures (collateral kills)
  A golden dragon (Depths:2)
  A tentacled monstrosity (Vaults:5)
  A lich (Depths:3)
  2 deep elf blademasters (Elf:3)
  3 deep elf master archers (Elf:3)
  A titan (Vaults:5)
  Gastronok (Lair:2)
  4 acid blobs
  3 tengu reavers (Vaults:5)
  4 azure jellies
  2 shadow dragons (Vaults:5)
  6 rockslimes
  A protean progenitor (Pan)
  A nagaraja (Snake:4)
  A fenstrider witch (Swamp:4)
  2 frost giants (Vaults:5)
  3 vault wardens (Vaults:5)
  A curse skull (Vaults:3)
  6 very ugly things
  A caustic shrike skeleton (Depths:2)
  4 cacodemons
  2 ironbound preservers
  5 quicksilver oozes
  3 stone giants
  2 formless jellyfish
  An ironbound thunderhulk (Vaults:3)
  3 deep elf death magi
  A deep elf annihilator (Elf:3)
  A black draconian (Depths:4)
  2 war gargoyles (Vaults:5)
  3 dire elephants
  A bunyip (Swamp:4)
  A white draconian (Depths:4)
  6 ettins
  2 deep elf high priests (Vaults:5)
  2 rakshasas
  3 yaktaur captains
  3 great orbs of eyes
  9 vault guards (Vaults:5)
  A hydra (Swamp:4)
  A boulder beetle (D:8)
  A two-headed ogre (shapeshifter) (Vaults:5)
  An ironbound frostheart (Vaults:2)
  10 dancing weapons
  A naga sharpshooter (Snake:4)
  A tengu warrior (Depths:1)
  3 orc high priests
  5 spriggan berserkers
  Sonja (Lair:4)
  2 soul eaters
  A deep elf knight (Elf:3)
  5 spriggans
  4 hell knights (Depths:4)
  3 deep elf archers
  2 sixfirhies
  5 deep trolls
  2 bog bodies
  3 arcanists
  A swamp dragon (Swamp:4)
  2 shadow demons (Pan)
  A glowing orange brain (Slime:5)
  A spriggan druid (Swamp:4)
  A necromancer (Depths:2)
  An ironbound convoker (Vaults:5)
  5 deep elf pyromancers
  2 orc knights (Orc:2)
  A phantasmal warrior (Vaults:5)
  5 ugly things
  3 deep elf zephyrmancers
  A manticore (shapeshifter) (Elf:3)
  4 shining eyes
  A manticore (D:11)
  2 elephants (Lair:4)
  An iron dragon skeleton (Depths:2)
  A vault sentinel (Vaults:5)
  2 meliai (Lair:4)
  2 eyes of devastation (Pan)
  An orange demon (Pan)
  A cane toad (Lair:2)
  A freezing wraith (Vaults:5)
  A komodo dragon (Lair:5)
  A kobold demonologist (D:11)
  5 yaktaurs
  A tormentor (Pan)
  A troll (Orc:1)
  3 hornets
  A queen bee (Lair:4)
  2 blink frogs (Lair:2)
  A glass eye (Slime:4)
  2 dream sheep (Lair:5)
  A shadow (D:11)
  2 water elementals (Depths:3)
  15 slime creatures
  A wyvern (D:9)
  A basilisk (Lair:5)
  16 yaks
  A ynoxinul (Pan)
  A fire elemental (Volcano)
  A chaos spawn (Pan)
  2 vampire mosquitoes (Swamp:4)
  A neqoxec (Pan)
  A naga (Snake:1)
  A swamp worm (Swamp:3)
  2 hydra simulacra (Depths:3)
  A swamp drake (Swamp:4)
  An ice beast (Pan)
  14 orc warriors
  A black bear (D:4)
  A crocodile (Sewer)
  2 centaurs
  A wolf (Lair:3)
  4 ogres
  A phantom (Swamp:4)
  A kobold brigand (D:9)
  A brain worm (Pan)
  2 scorpions (D:6)
  2 bullfrogs
  3 wights (D:8)
  2 killer bees
  A howler monkey (D:10)
  An electric eel (Elf:3)
  A jelly (D:6)
  10 orc priests
  A bombardier beetle (D:6)
  2 hounds (D:4)
  An iguana (Lair:2)
  An orc wizard (Orc:1)
  A shadow imp (D:8)
  17 orcs
  5 kobolds
  A rat (D:6)
334 creatures vanquished.

Vanquished Creatures (others)
  2 eldritch tentacles (Pan)
  An orc warlord (Vaults:3)
  An ironbound thunderhulk (Vaults:2)
  A ghost crab (Swamp:4)
  A naga warrior (Snake:3)
  A goliath frog (Swamp:2)
  2 deep elf zephyrmancers (Elf:3)
  A necromancer (Elf:1)
  A deep elf pyromancer (Elf:3)
  A cyclops (D:12)
  An orange demon (Pan)
  An unseen horror (D:11)
  A rime drake (Pan)
  5 bloated husks
  A tyrant leech (Swamp:2)
  A spectral swamp dragon (Swamp:4)
  2 spriggans (D:14)
  A water elemental (Depths:3)
  A human (D:12)
  A basilisk (Lair:5)
  A vampire mosquito (Swamp:1)
  A centaur (D:13)
  2 phantoms (Swamp:4)
  A kobold brigand (D:11)
  12 foxfires
  9 starspawn tentacles (Abyss:3)
53 creatures vanquished.

Grand Total: 2323 creatures vanquished

Notes
Turn   | Place    | Note
-------+----------+-------------------------------------------
     0 | D:1      | piuy the Gnoll Ice Elementalist began the quest for the
                  | Orb.
     0 | D:1      | Reached XP level 1. HP: 13/13 MP: 6/6
    21 | D:1      | Noticed a minotaur skeleton
   185 | D:1      | Reached XP level 2. HP: 16/20 MP: 4/7
  1143 | D:2      | Reached skill level 5 in Spellcasting
  1143 | D:2      | Reached XP level 3. HP: 25/25 MP: 5/9
  1147 | D:2      | Learned a level 3 spell: Frozen Ramparts
  1151 | D:2      | Learned a level 3 spell: Ozocubu's Armour
  1155 | D:2      | Learned a level 3 spell: Summon Ice Beast
  1187 | D:2      | Reached skill level 1 in Invocations
  1264 | D:2      | Found Keid's Assorted Antiques.
  1370 | D:2      | Reached skill level 1 in Fighting
  1370 | D:2      | Reached skill level 1 in Short Blades
  1370 | D:2      | Reached skill level 1 in Long Blades
  1370 | D:2      | Reached skill level 1 in Axes
  1370 | D:2      | Reached skill level 1 in Maces & Flails
  1370 | D:2      | Reached skill level 1 in Polearms
  1370 | D:2      | Reached skill level 1 in Staves
  1370 | D:2      | Reached skill level 1 in Ranged Weapons
  1370 | D:2      | Reached skill level 1 in Throwing
  1370 | D:2      | Reached skill level 1 in Armour
  1370 | D:2      | Reached skill level 1 in Shields
  1370 | D:2      | Reached skill level 1 in Unarmed Combat
  1370 | D:2      | Reached skill level 1 in Evocations
  1790 | D:2      | Reached skill level 1 in Shapeshifting
  1790 | D:2      | Reached XP level 4. HP: 32/32 MP: 11/11
  1909 | D:2      | Noticed Natasha
  1920 | D:2      | Killed Natasha
  1921 | D:2      | Reached skill level 1 in Conjurations
  1921 | D:2      | Reached skill level 1 in Hexes
  1921 | D:2      | Reached skill level 1 in Summonings
  1921 | D:2      | Reached skill level 1 in Necromancy
  1921 | D:2      | Reached skill level 1 in Translocations
  1921 | D:2      | Reached skill level 1 in Fire Magic
  1921 | D:2      | Reached skill level 1 in Air Magic
  1921 | D:2      | Reached skill level 1 in Earth Magic
  1921 | D:2      | Reached skill level 1 in Alchemy
  2009 | D:2      | Noticed Natasha
  2026 | D:2      | Killed Natasha
  2070 | D:2      | Noticed Sigmund
  2073 | D:2      | Reached XP level 5. HP: 37/37 MP: 10/12
  2082 | D:2      | Killed Sigmund
  2083 | D:2      | Reached skill level 5 in Dodging
  2083 | D:2      | Reached skill level 2 in Invocations
  2083 | D:2      | Reached XP level 6. HP: 33/44 MP: 3/14
  2561 | D:3      | Found a faded altar of an unknown god.
  3455 | D:4      | Found a snail-covered altar of Cheibriados.
  3526 | D:4      | Reached XP level 7. HP: 13/51 MP: 1/15
  3709 | D:4      | Identified the amulet "Nohuf" {rPois Regen+ Str+4 Slay+3
                  | SInv}
  4264 | D:4      | Reached skill level 5 in Stealth
  4264 | D:4      | Reached skill level 3 in Invocations
  4493 | D:4      | Found Amuukk's Armour Emporium.
  4710 | D:4      | Found a shimmering altar of Xom.
  4713 | D:4      | Found a hazy altar of Hepliaklqana.
  4717 | D:4      | Found an opulent altar of Gozag.
  5126 | D:5      | Entered Level 5 of the Dungeon
  5298 | D:5      | Found a radiant altar of Vehumet.
  5353 | D:5      | Reached XP level 8. HP: 58/58 MP: 16/16
  5548 | D:5      | Noticed Pikel
  5563 | D:5      | Killed Pikel
  5564 | D:5      | Reached skill level 4 in Invocations
  6108 | D:6      | Reached XP level 9. HP: 65/65 MP: 2/18
  6426 | D:6      | Found a glowing drain.
  6435 | Sewer    | Entered a sewer
  6942 | D:7      | Found a staircase to the Ecumenical Temple.
  7062 | Temple   | Entered the Ecumenical Temple
  7075 | Temple   | Became a worshipper of Ashenzari the Shackled
  7210 | D:7      | Reached skill level 5 in Invocations
  7798 | D:7      | Reached skill level 5 in Fighting
  7798 | D:7      | Reached skill level 5 in Short Blades
  7798 | D:7      | Reached skill level 5 in Long Blades
  7798 | D:7      | Reached skill level 5 in Axes
  7798 | D:7      | Reached skill level 5 in Maces & Flails
  7798 | D:7      | Reached skill level 5 in Polearms
  7798 | D:7      | Reached skill level 5 in Staves
  7798 | D:7      | Reached skill level 5 in Ranged Weapons
  7798 | D:7      | Reached skill level 5 in Throwing
  7798 | D:7      | Reached skill level 5 in Armour
  7798 | D:7      | Reached skill level 5 in Shields
  7798 | D:7      | Reached skill level 5 in Unarmed Combat
  7798 | D:7      | Reached skill level 5 in Evocations
  7880 | D:7      | Reached XP level 10. HP: 74/74 MP: 10/20
  8434 | D:8      | Noticed a boulder beetle
  8434 | D:8      | Noticed a brown ugly thing
  8484 | D:8      | Noticed a red ugly thing
  8499 | D:8      | Killed a brown ugly thing
  8756 | D:8      | Killed a red ugly thing
  8757 | D:8      | Reached skill level 6 in Invocations
  8757 | D:8      | Reached skill level 5 in Shapeshifting
  8801 | D:8      | Killed a boulder beetle
  9203 | D:8      | Found a glowing golden altar of the Shining One.
  9280 | D:8      | Found a hide-covered altar of Uskayaw.
  9578 | D:8      | Reached skill level 5 in Conjurations
  9578 | D:8      | Reached skill level 5 in Hexes
  9578 | D:8      | Reached skill level 5 in Summonings
  9578 | D:8      | Reached skill level 5 in Necromancy
  9578 | D:8      | Reached skill level 5 in Translocations
  9578 | D:8      | Reached skill level 5 in Fire Magic
  9578 | D:8      | Reached skill level 5 in Air Magic
  9578 | D:8      | Reached skill level 5 in Earth Magic
  9578 | D:8      | Reached skill level 5 in Alchemy
  9578 | D:8      | Reached XP level 11. HP: 81/81 MP: 7/22
  9689 | D:8      | Noticed Erica
  9768 | D:8      | Killed Erica
  9886 | D:8      | Reached * piety under Ashenzari
 10263 | D:8      | Found an iron altar of Okawaru.
 10538 | D:9      | Reached skill level 7 in Invocations
 11084 | D:9      | Reached ** piety under Ashenzari
 11403 | D:9      | Found a staircase to the Orcish Mines.
 11557 | D:9      | Found an ornate altar of the Wu Jian Council.
 11562 | D:10     | Entered Level 10 of the Dungeon
 12107 | D:10     | Learned a level 5 spell: Summon Mana Viper
 12129 | D:10     | Found a portal to a secret trove of treasure.
 12494 | D:10     | Found a burning altar of Makhleb.
 12524 | D:10     | Identified a scroll of acquirement
 12997 | D:11     | Noticed a sun demon
 13165 | D:11     | Noticed a two-headed ogre
 13232 | D:10     | Killed a two-headed ogre
 13233 | D:10     | Reached XP level 12. HP: 57/91 MP: 1/24
 13517 | Orc:1    | Entered Level 1 of the Orcish Mines
 13662 | Orc:1    | Found a roughly hewn altar of Beogh.
 13690 | Orc:1    | Reached skill level 8 in Invocations
 13941 | Orc:2    | Entered Level 2 of the Orcish Mines
 13971 | Orc:2    | Found a dark tunnel.
 13980 | Volcano  | Entered a volcano
 14876 | Orc:2    | Found a roughly hewn altar of Beogh.
 15078 | D:4      | Bought the quicksilver dragon scales of Zuptoem {Will+
                  | Str+2 Dex+3} for 930 gold pieces
 15418 | Orc:2    | Found a roughly hewn altar of Beogh.
 15794 | Orc:2    | Reached *** piety under Ashenzari
 15874 | Orc:2    | Found a staircase to the Elven Halls.
 15927 | Orc:2    | Reached XP level 13. HP: 98/98 MP: 8/26
 15956 | Orc:2    | Reached skill level 9 in Invocations
 15978 | Orc:2    | Reached skill level 10 in Ice Magic
 16328 | Orc:2    | Reached skill level 10 in Spellcasting
 16570 | Orc:2    | Found Xatwoy's Antique Weapon Shop.
 16573 | Orc:2    | Found Qolun's Armour Shop.
 16574 | Orc:2    | Found Rucat's Distillery.
 16575 | Orc:2    | Found Quzukleje's Armour Boutique.
 16585 | Orc:2    | Bought a +1 pair of boots of rampaging for 214 gold pieces
 16590 | Orc:2    | Reached **** piety under Ashenzari
 16798 | Orc:1    | Noticed an orc warlord
 17315 | D:11     | Reached skill level 10 in Dodging
 17479 | D:11     | Found a transporter.
 17503 | D:11     | Noticed dddddd's ghost (journeyman MDFi)
 17544 | D:11     | Found a transporter.
 17609 | D:11     | Found a staircase to the Lair.
 17829 | Lair:1   | Entered Level 1 of the Lair of Beasts
 18232 | Lair:1   | Reached skill level 10 in Stealth
 18238 | Lair:1   | Found a transporter.
 18246 | Lair:1   | Reached ***** piety under Ashenzari
 18247 | Lair:1   | Found a transporter.
 18249 | Lair:1   | Found a one-way gate to the infinite horrors of the Abyss.
 18249 | Lair:1   | Noticed piuy's ghost (journeyman OpCj)
 18742 | Lair:1   | Reached XP level 14. HP: 108/108 MP: 22/28
 18819 | Lair:1   | Reached skill level 10 in Invocations
 18952 | Lair:1   | Learned a level 3 spell: Hailstorm
 18959 | Lair:1   | Learned a level 6 spell: Permafrost Eruption
 19408 | Lair:2   | Noticed Gastronok
 19448 | Lair:2   | Killed Gastronok
 19687 | Lair:2   | Found a staircase to the Snake Pit.
 20097 | Lair:2   | Found a staircase to the Swamp.
 20883 | Lair:3   | Identified the +0 ring mail of Syndicalism {rF++ Stlth+}
 22110 | Lair:4   | Noticed Josephine
 22123 | Lair:4   | Killed Josephine
 22264 | Lair:4   | Noticed Sonja
 22283 | Lair:4   | Paralysed by Sonja for 3 turns
 22284 | Lair:4   | Killed Sonja
 22611 | Lair:4   | Reached skill level 10 in Fighting
 22611 | Lair:4   | Reached skill level 10 in Short Blades
 22611 | Lair:4   | Reached skill level 10 in Long Blades
 22611 | Lair:4   | Reached skill level 10 in Axes
 22611 | Lair:4   | Reached skill level 10 in Maces & Flails
 22611 | Lair:4   | Reached skill level 10 in Polearms
 22611 | Lair:4   | Reached skill level 10 in Staves
 22611 | Lair:4   | Reached skill level 10 in Ranged Weapons
 22611 | Lair:4   | Reached skill level 10 in Throwing
 22611 | Lair:4   | Reached skill level 10 in Armour
 22611 | Lair:4   | Reached skill level 10 in Shields
 22611 | Lair:4   | Reached skill level 10 in Unarmed Combat
 22611 | Lair:4   | Reached skill level 10 in Evocations
 22985 | Lair:4   | Reached XP level 15. HP: 99/115 MP: 24/30
 22995 | Lair:4   | Reached skill level 11 in Invocations
 23098 | Lair:5   | Entered Level 5 of the Lair of Beasts
 23955 | Lair:5   | Identified the +2 lajatang of Descent {flame, +Blink rF+}
 23955 | Lair:5   | Identified the +8 falchion of the Endless Expanse {vamp,
                  | Fly Str+4}
 24192 | Lair:5   | Found a staircase to the Slime Pits.
 24773 | Lair:5   | Learned a level 7 spell: Ozocubu's Refrigeration
 24780 | Lair:5   | Learned a level 6 spell: Sculpt Simulacrum
 24865 | Swamp:1  | Entered Level 1 of the Swamp
 25452 | Swamp:1  | Acquired 988 gold pieces
 26194 | Orc:2    | Bought the +1 pair of gloves of Zibofo Jyfa {Regen+} for
                  | 214 gold pieces
 26201 | Orc:2    | Reached ****** piety under Ashenzari
 26590 | Swamp:2  | Reached skill level 10 in Shapeshifting
 26724 | Swamp:2  | Reached XP level 16. HP: 121/124 MP: 24/32
 26884 | Swamp:2  | Learned a level 7 spell: Manifold Assault
 27156 | Swamp:2  | Reached skill level 12 in Invocations
 27375 | Swamp:3  | Noticed Donald
 27437 | Swamp:3  | Killed Donald
 27944 | Swamp:4  | Entered Level 4 of the Swamp
 28214 | Swamp:4  | Noticed a fenstrider witch
 28222 | Swamp:4  | Killed a fenstrider witch
 28265 | Swamp:4  | Found a runed translucent gate.
 28265 | Swamp:4  | Noticed a thorn hunter
 28266 | Swamp:4  | Found a runed translucent gate.
 28267 | Swamp:4  | Found a runed translucent gate.
 28267 | Swamp:4  | Noticed a fenstrider witch
 28297 | Swamp:4  | Noticed a tentacled monstrosity
 28327 | Swamp:4  | Noticed Zadaah's ghost (adept SpAE)
 28445 | Swamp:4  | Noticed a fenstrider witch
 28449 | Swamp:4  | Killed a fenstrider witch
 28464 | Swamp:4  | Noticed a fenstrider witch
 28499 | Swamp:4  | Killed a fenstrider witch
 28981 | Swamp:4  | Noticed a bone dragon
 29195 | Swamp:4  | Killed a bone dragon
 29280 | Swamp:4  | Got a decaying rune of Zot
 29698 | Snake:1  | Entered Level 1 of the Snake Pit
 29698 | Snake:1  | Identified the +3 great sword "Qiebbinu" {spect, Dex+4
                  | Stlth+}
 29708 | Snake:1  | Reached XP level 17. HP: 125/133 MP: 9/33
 29946 | Snake:1  | Found Jytriheb's Armour Shop.
 29946 | Snake:1  | Found Cateofou's Distillery.
 30015 | Snake:1  | Bought a potion of curing for 54 gold pieces
 30015 | Snake:1  | Bought a potion of haste for 180 gold pieces
 30015 | Snake:1  | Bought a potion of haste for 180 gold pieces
 30128 | Snake:1  | Found a glowing silver altar of Zin.
 30155 | Snake:1  | Reached skill level 10 in Conjurations
 30155 | Snake:1  | Reached skill level 10 in Hexes
 30155 | Snake:1  | Reached skill level 10 in Summonings
 30155 | Snake:1  | Reached skill level 10 in Necromancy
 30155 | Snake:1  | Reached skill level 10 in Translocations
 30155 | Snake:1  | Reached skill level 10 in Fire Magic
 30155 | Snake:1  | Reached skill level 10 in Air Magic
 30155 | Snake:1  | Reached skill level 10 in Earth Magic
 30155 | Snake:1  | Reached skill level 10 in Alchemy
 30573 | Snake:1  | Found a transporter.
 30577 | Snake:1  | Identified the ring "Litirr" {Fly Slay+6}
 30636 | Snake:1  | Found a transporter.
 30720 | Snake:2  | Found a glacial archway.
 30735 | IceCv    | Entered an ice cave
 30906 | IceCv    | Reached skill level 13 in Invocations
 31685 | Snake:2  | Upgraded the game from 0.32-a0-898-g7811c86 to
                  | 0.32-a0-899-geb5ba95
 31685 | Snake:2  | Acquired 461 gold pieces
 32247 | Snake:3  | Learned a level 2 spell: Blink
 32251 | Snake:3  | Learned a level 2 spell: Lesser Beckoning
 32763 | Snake:4  | Entered Level 4 of the Snake Pit
 32992 | Snake:4  | Found Ikkah's Assorted Antiques.
 33467 | Snake:4  | Identified the +9 long sword "Howist" {speed, rC+ rCorr
                  | Dex+4}
 33529 | Snake:4  | Reached XP level 18. HP: 81/141 MP: 13/35
 34335 | Snake:4  | Identified the serpent talisman "Wifen" {rN+}
 34335 | Snake:4  | Noticed Aizul
 34354 | Snake:4  | Killed Aizul
 35073 | Snake:4  | Got a serpentine rune of Zot
 35379 | Lair:1   | Reached skill level 14 in Invocations
 35391 | Lair:1   | Killed piuy's ghost
 35401 | Abyss:2  | Cast into level 2 of the Abyss (spriggan rider)
 35484 | Abyss:3  | Found a corrupted altar of Lugonu.
 35492 | Lair:1   | Escaped the Abyss
 35660 | D:11     | Killed dddddd's ghost
 35834 | D:12     | Noticed Kirke
 35862 | D:12     | Killed Kirke
 36853 | D:13     | Found Ilag's Changing Room.
 36856 | D:13     | Found Orrozxon's Antique Armour Shop.
 36935 | D:13     | Noticed Lodul
 36946 | D:13     | Killed Lodul
 37158 | D:13     | Found Luot's Demolitions Depot.
 37175 | D:13     | Bought a manual of Conjurations for 960 gold pieces
 37732 | D:13     | Found a gate to the Vaults.
 37940 | D:14     | Reached XP level 19. HP: 113/155 MP: 33/39
 37975 | D:14     | Found a gate leading to a gauntlet.
 37987 | Gauntlet | Entered a Gauntlet
 37987 | Gauntlet | Found a transporter.
 37987 | Gauntlet | Found a transporter.
 37987 | Gauntlet | Found a transporter.
 37987 | Gauntlet | Found a transporter.
 37992 | Gauntlet | Found a transporter.
 38000 | Gauntlet | Identified the +1 hat of Zebroily {rElec Str+7 Dex-4
                  | Stlth+}
 38003 | Gauntlet | Found a transporter.
 38010 | Gauntlet | Identified the +1 pair of boots "Cuggikh" {rF+}
 38038 | Gauntlet | Identified the +2 pair of boots of Optimism {Regen+ Int+3}
 38038 | Gauntlet | Identified Advanced Sorcery
 38067 | Gauntlet | Found a transporter.
 38077 | Gauntlet | Identified the +4 cloak of the Summoning Gods {+Inv rPois
                  | rC- SInv}
 38079 | Gauntlet | Found a transporter.
 38093 | Gauntlet | Found a transporter.
 38103 | Gauntlet | Found a transporter.
 38119 | Gauntlet | Found a transporter.
 38125 | Gauntlet | Found a transporter.
 38549 | D:14     | Identified the Folio of Violence
 39313 | D:14     | Learned a level 7 spell: Orb of Destruction
 39322 | D:14     | Learned a level 7 spell: Spellforged Servitor
 39403 | D:15     | Entered Level 15 of the Dungeon
 39403 | D:15     | Noticed Nessos
 39406 | D:15     | Killed Nessos
 39618 | D:15     | Noticed Agnes
 39626 | D:15     | Killed Agnes
 40392 | D:15     | Found a staircase to the Depths.
 40732 | Vaults:1 | Entered Level 1 of the Vaults
 41150 | Vaults:1 | Found an opulent altar of Gozag.
 41150 | Vaults:1 | Found Gozag's Antique Armour Emporium.
 41150 | Vaults:1 | Found Gozag's Antique Armour Shoppe.
 41150 | Vaults:1 | Found Gozag's Antique Weapon Emporium.
 41707 | Vaults:1 | Found Vuleg's Armour Shoppe.
 42103 | Vaults:1 | Reached skill level 15 in Invocations
 43092 | Vaults:1 | Reached XP level 20. HP: 129/164 MP: 35/40
 43971 | Vaults:2 | Identified the +3 mace of Iwuzuq Naca {holy, rC+}
 44362 | Vaults:2 | Reached skill level 15 in Spellcasting
 44669 | Vaults:2 | Learned a level 8 spell: Lehudib's Crystal Spear
 45257 | Vaults:3 | Reached skill level 15 in Dodging
 45826 | Vaults:3 | Found a staircase to the Crypt.
 45854 | Vaults:3 | Paralysed by a vampire knight for 4 turns
 45872 | Vaults:3 | Reached skill level 15 in Stealth
 46349 | Vaults:3 | Reached XP level 21. HP: 149/172 MP: 28/42
 46928 | Vaults:3 | Found a roughly hewn altar of Beogh.
 47172 | Vaults:3 | Reached skill level 16 in Invocations
 47194 | Vaults:3 | Noticed Saint Roka
 47211 | Vaults:3 | Killed Saint Roka
 48257 | Vaults:4 | Paralysed by a formless jellyfish for 1 turns
 48394 | Vaults:4 | Identified the +0 pair of gloves "Qofocot" {rElec Will+
                  | Str+3 Int-3}
 48543 | Vaults:4 | Reached skill level 15 in Fighting
 48543 | Vaults:4 | Reached skill level 15 in Short Blades
 48543 | Vaults:4 | Reached skill level 15 in Long Blades
 48543 | Vaults:4 | Reached skill level 15 in Axes
 48543 | Vaults:4 | Reached skill level 15 in Maces & Flails
 48543 | Vaults:4 | Reached skill level 15 in Polearms
 48543 | Vaults:4 | Reached skill level 15 in Staves
 48543 | Vaults:4 | Reached skill level 15 in Ranged Weapons
 48543 | Vaults:4 | Reached skill level 15 in Throwing
 48543 | Vaults:4 | Reached skill level 15 in Armour
 48543 | Vaults:4 | Reached skill level 15 in Shields
 48543 | Vaults:4 | Reached skill level 15 in Unarmed Combat
 48543 | Vaults:4 | Reached skill level 15 in Evocations
 48612 | Vaults:4 | Found Wavvear's Armour Shoppe.
 48965 | Vaults:5 | Entered Level 5 of the Vaults
 49017 | Vaults:5 | Noticed an ancient lich
 49030 | Vaults:5 | Killed an ancient lich
 49169 | Vaults:5 | Noticed a golden dragon
 49177 | Vaults:5 | Killed a golden dragon
 49218 | Vaults:5 | Identified the staff "Wixarej" {rN+ MP-9 Str+3 Int+7 Conj}
 49443 | Vaults:5 | Reached XP level 22. HP: 158/178 MP: 31/44
 50109 | Vaults:5 | Reached skill level 15 in Conjurations
 50159 | Vaults:5 | Identified the +7 arbalest of the Turnip {antimagic, rCorr}
 50299 | Vaults:5 | Got a silver rune of Zot
 50475 | Vaults:5 | Noticed a dread lich
 50489 | Vaults:5 | Killed a dread lich
 50510 | Vaults:5 | Reached skill level 17 in Invocations
 50692 | Vaults:5 | Reached skill level 15 in Ice Magic
 51070 | Vaults:5 | Identified the ring of Calam {rPois rF+ Int+4 Slay+5
                  | Stlth+}
 51508 | Vaults:5 | Noticed a golden dragon
 51519 | Vaults:5 | Killed a golden dragon
 52073 | Elf:1    | Entered Level 1 of the Elven Halls
 52080 | Elf:1    | Found a runed translucent door.
 52080 | Elf:1    | Noticed korenl137's ghost (adept TeAE)
 52365 | Elf:1    | Noticed Louise
 52377 | Elf:1    | Killed Louise
 52828 | Elf:1    | Reached XP level 23. HP: 190/190 MP: 45/45
 52903 | Elf:1    | Identified the Quarto of Blasphemous Mysteries
 53317 | Elf:1    | Paralysed by an air elemental for 1 turns
 53480 | Elf:1    | Killed korenl137's ghost
 53603 | Elf:2    | Found Loali's Magic Scroll Shop.
 53616 | Elf:2    | Bought a scroll of acquirement for 884 gold pieces
 53616 | Elf:2    | Acquired 1068 gold pieces
 54132 | Elf:2    | Found a runed translucent gate.
 54132 | Elf:2    | Found a runed translucent gate.
 54138 | Elf:2    | Found a runed translucent gate.
 54834 | Elf:3    | Entered Level 3 of the Elven Halls
 54904 | Elf:3    | Reached skill level 15 in Shapeshifting
 55081 | Elf:2    | Bought a scroll of teleportation for 51 gold pieces
 55081 | Elf:2    | Bought a scroll of teleportation for 51 gold pieces
 55179 | Elf:3    | Found Belibemm's Antique Armour Shoppe.
 55491 | Elf:3    | Identified the +2 robe "Pemibaexing" {rElec rPois Will-
                  | Archmagi}
 55491 | Elf:3    | Identified the ring "Plog" {rPois rC+ Stlth+}
 55794 | Elf:3    | Identified the +0 scale mail of Aguam {rPois rF- Int+3
                  | Dex+5}
 55836 | Elf:3    | Identified the staff of Departure {Int+4 Conj Summ}
 55836 | Elf:3    | Identified the amulet of Igeuscho {Spirit Int+3}
 55909 | Elf:3    | Identified the +2 glaive "Qitram" {holy, rElec Str+2}
 55915 | Elf:3    | Identified the +6 scale mail of Jykkong {Will+++ rCorr
                  | Stlth-}
 56019 | Elf:3    | Identified the +9 dagger of Distraction {drain, rN+ Str+2
                  | SInv}
 56421 | Elf:3    | Identified the ring "Eneang" {Wiz Str+5 Int+3 Dex+3}
 56485 | Elf:3    | Identified the amulet "Erruma" {Reflect rElec rF+ SH+5}
 56513 | Elf:3    | Identified the +9 plate armour of Elyvilon's Delight {rF+}
 56565 | Elf:3    | Identified the staff of Resourcefulness {^Fragile MP+9
                  | Dex+2 Conj Necro}
 56573 | Elf:3    | Identified the staff of Ravage {rElec rN+ Int-3 Summ Necro
                  | Alchemy}
 57086 | Depths:1 | Entered Level 1 of the Depths
 57334 | Depths:1 | Reached skill level 18 in Invocations
 57335 | Depths:1 | Reached XP level 24. HP: 199/199 MP: 17/46
 57664 | Depths:1 | Learned a level 8 spell: Maxwell's Capacitive Coupling
 57873 | Depths:1 | Found Mevub's CLEARANCE SALE!.
 58248 | Depths:1 | Found a gateway to Hell.
 58546 | Depths:1 | Identified the Incunable of the Undead Door
 59259 | Depths:2 | Found the +3 salamander hide armour {Flames, rFlCloud rF++
                  | rC--}
 59643 | Depths:2 | Found a one-way gate leading to the halls of Pandemonium.
 59650 | Depths:2 | Gained mutation: You occasionally lose the ability to drink
                  | potions when taking damage. [a cacodemon]
 59652 | Depths:2 | Gained mutation: You do not regenerate when monsters are
                  | visible. [a cacodemon]
 60072 | Depths:3 | Found a one-way gateway to a ziggurat.
 60201 | Depths:3 | Learned a level 2 spell: Sublimation of Blood
 60805 | Depths:3 | Noticed a juggernaut
 60845 | Depths:3 | Killed a juggernaut
 60968 | Depths:4 | Entered Level 4 of the Depths
 60968 | Depths:4 | Found Bohixearph's Mayhem Merchandise.
 60978 | Depths:4 | Noticed the Enchantress
 60981 | Depths:4 | Noticed a juggernaut
 60983 | Depths:4 | Upgraded the game from 0.32-a0-899-geb5ba95 to
                  | 0.32-a0-900-g30fb1b0
 60996 | Depths:3 | Killed the Enchantress
 61189 | Depths:3 | Killed a juggernaut
 61326 | Depths:4 | Reached XP level 25. HP: 192/208 MP: 42/47
 61517 | Depths:4 | Learned a level 4 spell: Passage of Golubria
 61548 | Depths:4 | Noticed Margery
 61580 | Depths:4 | Killed Margery
 62013 | Depths:4 | Identified the +8 morningstar "Avoka Rul" {freeze, rElec
                  | rPois Str-2 Stlth+}
 62225 | Depths:4 | Found a gate to the Realm of Zot.
 62753 | Slime:1  | Entered Level 1 of the Pits of Slime
 62956 | Slime:1  | Gained mutation: Your magical capacity is low. (-10% MP) [a
                  | shining eye]
 63638 | Slime:2  | Reached skill level 19 in Invocations
 63746 | Slime:3  | Paralysed by a formless jellyfish for 1 turns
 63759 | Slime:3  | Gained mutation: You are frail. (-10% HP) [a shining eye]
 64098 | Slime:5  | Entered Level 5 of the Pits of Slime
 64100 | Slime:5  | Gained mutation: You are clumsy. (Dex -2) [a shining eye]
 64112 | Slime:5  | Reached skill level 15 in Hexes
 64112 | Slime:5  | Reached skill level 15 in Summonings
 64112 | Slime:5  | Reached skill level 15 in Necromancy
 64112 | Slime:5  | Reached skill level 15 in Translocations
 64112 | Slime:5  | Reached skill level 15 in Fire Magic
 64112 | Slime:5  | Reached skill level 15 in Air Magic
 64112 | Slime:5  | Reached skill level 15 in Earth Magic
 64112 | Slime:5  | Reached skill level 15 in Alchemy
 64151 | Slime:5  | Identified the dragon-blood talisman of Xebbeusk {Will+
                  | Int+3}
 64155 | Slime:5  | Found a viscous altar of Jiyva.
 64155 | Slime:5  | Noticed the Royal Jelly
 64155 | Slime:5  | Identified the amulet of Buuga {Reflect rC+ Str-5 Slay+5
                  | SH+5 SInv}
 64155 | Slime:5  | Identified the Guide on the Congregation and Decantation
 64158 | Slime:5  | Gained mutation: You are very frail. (-20% HP) [a shining
                  | eye]
 64546 | Slime:5  | Identified the +3 great mace of the Blind Eye {vamp, rPois
                  | rCorr Int-3 Dex+4}
 64548 | Slime:5  | Identified the Meditations on the Tektite
 64550 | Slime:5  | Identified the +1 plate armour of Luvu {rF+ Str+6}
 64811 | Slime:4  | Lost mutation: You are very frail. (-20% HP) [potion of
                  | mutation]
 64811 | Slime:4  | Lost mutation: You occasionally lose the ability to drink
                  | potions when taking damage. [potion of mutation]
 64811 | Slime:4  | Lost mutation: You do not regenerate when monsters are
                  | visible. [potion of mutation]
 64811 | Slime:4  | Gained mutation: Your system is resistant to poisons.
                  | (rPois) [potion of mutation]
 64811 | Slime:4  | Gained mutation: You are vulnerable to heat. (rF-) [potion
                  | of mutation]
 64811 | Slime:4  | Gained mutation: You have a pair of small antennae on your
                  | head. [potion of mutation]
 65004 | Slime:4  | Learned a level 8 spell: Infestation
 65769 | Slime:4  | Noticed Dissolution
 65792 | Slime:4  | Killed Dissolution
 66023 | Slime:5  | Gained mutation: You are very frail. (-20% HP) [a shining
                  | eye]
 66345 | Slime:5  | Killed the Royal Jelly
 66965 | Slime:5  | Got a slimy rune of Zot
 67224 | Lair:1   | Voluntarily entered the Abyss.
 67306 | Abyss:3  | Got an abyssal rune of Zot
 67306 | Abyss:3  | Paralysed by accursed screaming for 2 turns
 67326 | Abyss:4  | Found a corrupted altar of Lugonu.
 67333 | Lair:1   | Escaped the Abyss
 67699 | Depths:2 | Lost mutation: You have a pair of small antennae on your
                  | head. [potion of mutation]
 67699 | Depths:2 | Lost mutation: You are vulnerable to heat. (rF-) [potion of
                  | mutation]
 67699 | Depths:2 | Lost mutation: Your system is resistant to poisons. (rPois)
                  | [potion of mutation]
 67699 | Depths:2 | Gained mutation: You are occasionally teleported next to
                  | monsters. [potion of mutation]
 67699 | Depths:2 | Lost mutation: You are very frail. (-20% HP) [potion of
                  | mutation]
 67700 | Depths:2 | Lost mutation: You are clumsy. (Dex -2) [potion of
                  | mutation]
 67700 | Depths:2 | Lost mutation: Your magical capacity is low. (-10% MP)
                  | [potion of mutation]
 67700 | Depths:2 | Gained mutation: Your spells are a little harder to cast,
                  | but a little more powerful. [potion of mutation]
 67700 | Depths:2 | Gained mutation: You are strong-willed. (Will+) [potion of
                  | mutation]
 67700 | Depths:2 | Lost mutation: You are frail. (-10% HP) [potion of
                  | mutation]
 67702 | Pan      | Entered the realm of Mnoleg.
 67702 | Pan      | Entered Pandemonium
 67827 | Pan      | Reached XP level 26. HP: 202/218 MP: 43/47
 67962 | Pan      | Gained mutation: You sometimes lose your temper in combat.
                  | [a neqoxec]
 68220 | Pan      | Noticed Mnoleg
 68315 | Pan      | Gained mutation: Your body sometimes deteriorates upon
                  | taking damage. [a cacodemon]
 68881 | Pan      | Gained mutation: Potions are less effective at restoring
                  | your health. [a cacodemon]
 68887 | Pan      | Gained mutation: You are dopey. (Int -2) [a cacodemon]
 69309 | Pan      | Got a glowing rune of Zot
 69321 | Pan      | Identified the +8 falchion of Gozag, Breathing {flame,
                  | *Noise rElec Str+3 Dex+6}
 69321 | Pan      | Identified the staff "Dragonbane" {rElec rC+ Dex+3 Air}
 69479 | Pan      | Lost mutation: Your body sometimes deteriorates upon taking
                  | damage. [potion of mutation]
 69479 | Pan      | Lost mutation: You sometimes lose your temper in combat.
                  | [potion of mutation]
 69479 | Pan      | Lost mutation: You are occasionally teleported next to
                  | monsters. [potion of mutation]
 69479 | Pan      | Gained mutation: Your magical capacity is low. (-10% MP)
                  | [potion of mutation]
 69479 | Pan      | Gained mutation: Armour fits poorly on your strangely
                  | shaped body. [potion of mutation]
 69479 | Pan      | Gained mutation: You are robust. (+10% HP) [potion of
                  | mutation]
 69480 | Pan      | Lost mutation: You are robust. (+10% HP) [potion of
                  | mutation]
 69480 | Pan      | Lost mutation: Your magical capacity is low. (-10% MP)
                  | [potion of mutation]
 69480 | Pan      | Gained mutation: Your spells are harder to cast, but more
                  | powerful. [potion of mutation]
 69577 | Pan      | Noticed Long the pandemonium lord
 69592 | Pan      | Killed Long the pandemonium lord
 69851 | Pan      | Noticed Arphem the pandemonium lord
 69867 | Pan      | Noticed Mnoleg
 69939 | Pan      | Entered the realm of Gloorx Vloq.
 69948 | Pan      | HP: 5/328 [reaper/+2 scythe of flaming (24)]
 69949 | Pan      | Demolished by a reaper

Illustrated notes

Levels and vault maps discovered:
D:1:      shiori_arrival_whats_in_store_for_you, layout_basic, hex_tiny,
          minmay_misc_feat_nine_boxes, minivault_19
D:2:      layout_basic, serial_shops, shop, uniq_sigmund, uniq_natasha
D:3:      minmay_wonky_spiral, layout_basic, nicolae_ecumenical_oubliette,
          minmay_misc_feat_doors, glass_columns_b
D:4:      wander_river, layout_layer_cave, cheibriados_altar_1,
          grunt_temple_overflow_diamond, serial_shops,
          nicolae_shop_tiny_statue_garden, dreamdust_princess_corridor,
          kennysheep_generic_room_8
D:5:      layout_basic, nicolae_vehumet_altar_sigil,
          chequers_serial_rivers_small_a, uniq_pikel
D:6:      layout_rooms, portal_sewer_entry_a
D:7:      kennysheep_seaside_town, layout_rooms, minmay_temple_entry_large_hall,
          serial_curves, eino_curves_01, eino_curves_04
D:8:      layout_basic, nicolae_uskayaw_murder_on_the_dancefloor,
          hellmonk_okawaru_the_only_friend_you_need,
          nicolae_tso_carved_into_rock, kb_rosetta, uniq_erica
D:9:      layout_loops_ring, nicolae_overflow_hidden_temple, hiddenorc1_lemuel
D:10:     layout_basic, lemuel_tele_altar, enter_trove_1,
          nicolae_fountain_basement
D:11:     layout_cave_pools, lair_entry_dummy, nzn_ghost_randoct,
          statue_in_the_mist_lemuel
D:12:     layout_basic, uniq_kirke
D:13:     layout_loops_ring, hangedman_vaults_entry_quadrant_bands,
          serial_shops, shop, nicolae_blasting_shop, reono_crystal_passage,
          grunt_decor_cap, nicolae_transmutations_shop,
          minmay_misc_feat_more_columns, uniq_lodul
D:14:     dreamdust_experimentation, layout_long_grid, serial_bayou_pond_c,
          gauntlet_entry_generic, library_closet
D:15:     hellmonk_depths_entry_around_the_bend, layout_basic,
          nicolae_lava_and_water, uniq_agnes, uniq_nessos
Temple:   nicolae_temple_bog_church
Lair:1:   layout_regular_city, gammafunk_ghost_abyssal_escape,
          infiniplex_staircase_pool_2
Lair:2:   layout_cave_pods, minmay_swamp_entry_reptiles, dummy_snake_entry,
          minmay_lindwurm_lava, lemuel_fruit_tree, uniq_gastronok
Lair:3:   layout_layer_cave, grunt_megastairs_1
Lair:4:   layout_gridlike, special_room [special_room_bee],
          serial_bayou_shore_a, uniq_josephine, uniq_sonja
Lair:5:   hangedman_lair_in_review, layout_regular_city,
          guppyfry_lair_end_dragon, slime_entry_1, st_stairs_4,
          kennysheep_abandoned_house
Swamp:1:  layout_basic_swamp, evilmike_swamp_ruin_rubble_2
Swamp:2:  layout_basic_swamp, serial_swamp_ruin, evilmike_swamp_ruin_house_5,
          evilmike_swamp_ruin_house_6
Swamp:3:  layout_basic_swamp, nicolae_swamp_bean_lake, uniq_donald
Swamp:4:  swamp_pestilence, layout_basic_swamp, gammafunk_ghost_split,
          swamp_pool_3, nicolae_swamp_little_swirl
Snake:1:  layout_gridlike, gammafunk_ghost_berserking_beasts, basic_altar,
          serial_bayou_pond_a, minmay_shoptagon, serial_bayou_shore_b
Snake:2:  layout_gridlike, portal_ice_cave_entry_pillars_three
Snake:3:  layout_onion_interference, grunt_ministairs_1, guppyfry_snake_island
Snake:4:  grunt_snake_rune_spirals, layout_onion_interference, serial_shops,
          shop, nicolae_snake_serpentine_hallways, uniq_aizul
Slime:1:  cheibrodos_slime_lost_civilization_3, layout_caves
Slime:2:  layout_caves
Slime:3:  layout_caves
Slime:4:  layout_caves, cheibrodos_slime_lost_civilization_7, uniq_dissolution
Slime:5:  slime_pit
Orc:1:    layout_caves, basic_altar, uniq_maurice
Orc:2:    st_orc_pillars, layout_diamond_mine, enter_volcano_1, basic_altar,
          mines1_david
Elf:1:    layout_onion_city, hellmonk_ghost_happy_afterlife,
          minmay_elf_necromancy, uniq_louise
Elf:2:    elven_hall_of_blades_hangedman_original [mumra_blade_entry_dagger],
          layout_geoelf_grid, serial_shops, nicolae_square_shop
Elf:3:    minmay_elf_hall_furrowed, layout_rooms, serial_shops, shop,
          elves_outpost_lemuel, grunt_megastairs_4
Vaults:1: nicolae_vaults_storage_room_doors, nicolae_vaults_ring_of_whatevers,
          hangedman_vaults_snaps, kennysheep_vaults_gozag_temple,
          nicolae_vaults_circle_grid_a, nicolae_vaults_diamond_1,
          nicolae_vaults_taking_the_gang_shopping,
          nicolae_vaults_inception_statues, nicolae_vaults_little_squares_1,
          vaults_room_stairs_pillars, grunt_vaults_diagonal,
          nicolae_vaults_house_1, layout_vaults_omnicross
Vaults:2: hangedman_vaults_maws, v_misc_5, v_misc_11, nicolae_vaults_turnstiles,
          hangedman_vaults_nails, nicolae_vaults_sesquioval_fish,
          nicolae_vaults_house_1, nicolae_vaults_gold_heap,
          nicolae_vaults_tangram_1, vaults_room_hallway,
          nicolae_vaults_trapezoid_1, layout_vaults_ring
Vaults:3: nicolae_vaults_sightless_eye, hangedman_vaults_hat,
          minmay_crypt_entry_simple_sparse, grunt_vaults_funnel,
          nicolae_vaults_offset_grid_hallway_4, nicolae_vaults_ninety_degrees,
          vaults_room_fancy_cross, nicolae_vaults_network_periphery,
          nicolae_vaults_wrenched, ontoclasm_vaults_fault, grunt_vaults_bifocal,
          lightli_church_of_beogh, vaults_room_ringed_pool,
          nicolae_vaults_trapezoid_lopsided_2, layout_vaults_omnibox,
          uniq_saint_roka
Vaults:4: v_misc_29, ontoclasm_vaults_chip, v_pattern_4, v_misc_27,
          nicolae_vaults_house_2, hangedman_vaults_capsules,
          vaults_dpeg_diagonal, nicolae_vaults_house_1, layout_vaults_quadrants,
          serial_shops, shop
Vaults:5
Depths:1: layout_gridlike, serial_bayou_shore_b, hell_entry,
          abyss_entry_small_statue_room, minmay_misc_feat_pillars,
          nicolae_shop_clearance, grunt_megastairs_2
Depths:2: minmay_the_grid_3x2 [minmay_the_grid_artifice, minmay_the_grid_empty,
          minmay_the_grid_garden, minmay_the_grid_minigrid_medium,
          minmay_the_grid_outer_diamond, minmay_the_grid_prize_inner_circle],
          layout_cave_pools, rand_demon_pan_entry_9, hell_entry,
          minmay_misc_feat_columns, hellmonk_guarded_unrand_salamander,
          uniq_josephina
Depths:3: cheibrodos_hall_of_evolution, layout_basic, enter_ziggurat_b,
          pan_entry, regret_index_abyss_entry_already_here,
          hangedman_coc_ice_floe
Depths:4: evilmike_zot_entry_basic, layout_cave_pools, pf_hell_entry_tar_spiral,
          grunt_ministairs_4, minmay_shop_mayhem, uniq_enchantress, uniq_margery
Pan:      mnoleg_st, layout_gridlike, nicolae_pan_cerebovesque_3,
          evilmike_mini_pan_pillars, layout_small_grid,
          nicolae_pan_double_arrow, layout_gridlike,
          nicolae_pan_gloorx_vloqian_4, evilmike_mini_pan_pillars_b,
          layout_cellular_growth, nicolae_pan_gloorx_vloqian_4, uniq_mennas_pan,
          uniq_mnoleg, gloorx_vloq_grunt_torture_chamber, layout_grid_shapes,
          nicolae_pan_gloorx_vloqian_1

Skill      XL: |  1  2  3  4  5  6  7  8  9 10 11 12 13 14 15 16 17 18 19 20 21 22 23 24 25 26 |
---------------+-------------------------------------------------------------------------------+-----
Spellcasting   | 5 6 7 8 9 10 11 12 13 14 15 16 17 18 | 18.8
Invocations    | 1 2 3 4 5 6 7 8 9 10 11 12 13 14 15 16 17 18 19 | 19.8
Fighting       | 1 2 3 5 6 7 8 9 10 11 12 13 14 15 16 17 18 | 18.3
Short Blades   | 1 2 3 5 6 7 8 9 10 11 12 13 14 15 16 17 18 | 18.3
Long Blades    | 1 2 3 5 6 7 8 9 10 11 12 13 14 15 16 17 18 | 18.3
Axes           | 1 2 3 5 6 7 8 9 10 11 12 13 14 15 16 17 18 | 18.3
Maces & Flails | 1 2 3 5 6 7 8 9 10 11 12 13 14 15 16 17 18 | 18.3
Polearms       | 1 2 3 5 6 7 8 9 10 11 12 13 14 15 16 17 18 | 18.3
Staves         | 1 2 3 5 6 7 8 9 10 11 12 13 14 15 16 17 18 | 18.3
Ranged Weapons | 1 2 3 5 6 7 8 9 10 11 12 13 14 15 16 17 18 | 18.3
Throwing       | 1 2 3 5 6 7 8 9 10 11 12 13 14 15 16 17 18 | 18.3
Armour         | 1 2 3 5 6 7 8 9 10 11 12 13 14 15 16 17 18 | 18.3
Shields        | 1 2 3 5 6 7 8 9 10 11 12 13 14 15 16 17 18 | 18.3
Unarmed Combat | 1 2 3 5 6 7 8 9 10 11 12 13 14 15 16 17 18 | 18.3
Evocations     | 1 2 3 5 6 7 8 9 10 11 12 13 14 15 16 17 18 | 18.3
Shapeshifting  | 1 2 3 4 5 6 7 8 9 10 11 12 13 14 15 16 | 16.9
Conjurations   | 1 2 3 4 5 6 7 8 9 10 11 12 13 14 15 16 17 18 | 18.8
Hexes          | 1 2 3 4 5 6 7 8 9 10 11 12 13 14 15 | 15.6
Summonings     | 1 2 3 4 5 6 7 8 9 10 11 12 13 14 15 | 15.6
Necromancy     | 1 2 3 4 5 6 7 8 9 10 11 12 13 14 15 | 15.6
Translocations | 1 2 3 4 5 6 7 8 9 10 11 12 13 14 15 | 15.6
Fire Magic     | 1 2 3 4 5 6 7 8 9 10 11 12 13 14 15 | 15.6
Air Magic      | 1 2 3 4 5 6 7 8 9 10 11 12 13 14 15 | 15.6
Earth Magic    | 1 2 3 4 5 6 7 8 9 10 11 12 13 14 15 | 15.6
Alchemy        | 1 2 3 4 5 6 7 8 9 10 11 12 13 14 15 | 15.6
Dodging        | 5 6 7 8 9 10 11 12 13 14 15 16 17 18 | 18.8
Stealth        | 5 6 7 8 9 10 11 12 13 14 15 16 17 18 | 18.7
Ice Magic      | 8 9 10 11 12 13 14 15 16 | 16.9

Action                     |  1- 3 |  4- 6 |  7- 9 | 10-12 | 13-15 | 16-18 | 19-21 | 22-24 | 25-27 || total
---------------------------+-------+-------+-------+-------+-------+-------+-------+-------+-------++-------
  Melee: Bite              |     2 |     6 |    17 |    35 |   232 |   389 |   420 |   381 |   359 ||  1841
         Unarmed           |     1 |     6 |       |       |       |       |       |       |       ||     7
         Dagger            |    12 |    77 |    90 |     1 |       |       |       |       |       ||   180
         Rapier            |       |       |       |   280 |  1356 |  1533 |       |       |       ||  3169
         Long sword        |       |       |       |       |       |   463 |  1898 |  1660 |  1428 ||  5449
  Throw: Boomerang         |       |       |       |     9 |       |       |       |       |       ||     9
   Cast: Freeze            |    42 |    23 |    54 |    45 |     4 |       |       |       |       ||   168
         Frozen Ramparts   |     1 |     8 |    27 |    87 |    87 |    23 |    25 |    12 |    12 ||   282
         Ozocubu's Armour  |     1 |     4 |    13 |    57 |    74 |    70 |    36 |    25 |    18 ||   298
         Summon Ice Beast  |       |     4 |    16 |    53 |    40 |    36 |     4 |       |     1 ||   154
         Summon Mana Viper |       |       |       |     8 |     9 |       |       |       |       ||    17
         Permafrost Erupti |       |       |       |       |     6 |     4 |       |       |       ||    10
         Ozocubu's Refrige |       |       |       |       |     3 |    60 |    90 |    41 |    15 ||   209
         Hailstorm         |       |       |       |       |     2 |     1 |       |       |       ||     3
         Sculpt Simulacrum |       |       |       |       |     1 |       |       |       |       ||     1
         Manifold Assault  |       |       |       |       |       |     2 |       |       |       ||     2
         Spellforged Servi |       |       |       |       |       |       |    27 |    74 |    55 ||   156
         Orb of Destructio |       |       |       |       |       |       |     1 |     1 |       ||     2
         Lesser Beckoning  |       |       |       |       |       |       |    32 |   178 |   100 ||   310
         Blink             |       |       |       |       |       |       |     1 |     1 |     3 ||     5
         Lehudib's Crystal |       |       |       |       |       |       |       |       |     6 ||     6
         Maxwell's Capacit |       |       |       |       |       |       |       |       |     3 ||     3
         Passage of Golubr |       |       |       |       |       |       |       |       |     2 ||     2
         Sublimation of Bl |       |       |       |       |       |       |       |       |     2 ||     2
         Infestation       |       |       |       |       |       |       |       |       |     1 ||     1
 Invoke: Curse Item        |       |       |       |     5 |     6 |     2 |     1 |     3 |       ||    17
         Shatter the Chain |       |       |       |       |     1 |     3 |     1 |     2 |       ||     7
  Evoke: Wand              |       |       |     1 |     1 |       |     3 |       |       |     6 ||    11
    Use: Scroll            |       |       |    20 |       |     5 |     7 |     6 |     3 |    11 ||    52
         Potion            |       |       |       |     1 |     2 |     4 |     3 |     5 |    15 ||    30
   Stab: Sleeping          |     2 |     8 |     5 |     9 |    18 |    45 |    34 |    32 |     2 ||   155
         Distracted        |       |     1 |       |     3 |     5 |    18 |    22 |    41 |    31 ||   121
         Invisible         |       |       |       |       |       |     5 |       |       |       ||     5
 Armour: Robe              |    12 |    14 |       |   116 |       |       |       |       |       ||   142
         Skin              |       |     6 |       |       |       |       |       |       |     2 ||     8
         Leather armour    |       |    22 |    61 |    38 |       |       |       |       |       ||   121
         Quicksilver drago |       |       |       |    20 |   435 |   784 |   578 |   477 |   577 ||  2871
  Dodge: Dodged            |    18 |    44 |    57 |   210 |   629 |  1113 |   821 |   545 |   882 ||  4319
  Block: Buckler           |       |       |       |       |   183 |   425 |       |       |       ||   608
         Kite shield       |       |       |       |       |       |    69 |  1005 |   715 |  1064 ||  2853

Table legend: (Time is in decaauts)
 A = Elapsed time spent in this place.
 B = Non-inter-level travel time spent in this place.
 C = Inter-level travel time spent in this place.
 D = Time resting spent in this place.
 E = Time spent auto-exploring this place.
 F = Levels seen in this place.
 G = Mean time per level.
                   A        B        C        D        E       F      G
               +--------+--------+--------+--------+--------+-----+--------+
         Total |  65848 |  60496 |   5352 |   6169 |  38033 |  61 | 1079.5 |
       Dungeon |  19920 |  17464 |   2456 |    738 |  13373 |  15 | 1328.0 |
        Temple |     20 |     15 |      5 |      0 |      0 |   1 |   20.0 |
          Lair |   7369 |   6611 |    758 |    348 |   4504 |   5 | 1473.8 |
         Swamp |   3688 |   3474 |    214 |    199 |   2234 |   4 |  922.0 |
     Snake Pit |   4866 |   4745 |    121 |    941 |   2567 |   4 | 1216.5 |
    Slime Pits |   4104 |   3713 |    391 |   1273 |   1131 |   5 |  820.8 |
  Orcish Mines |   2654 |   2223 |    431 |    324 |   1266 |   2 | 1327.0 |
   Elven Halls |   4510 |   4324 |    186 |    432 |   2787 |   3 | 1503.3 |
        Vaults |  10120 |   9706 |    414 |    617 |   6397 |   5 | 2024.0 |
        Depths |   5083 |   4710 |    373 |    519 |   2964 |   4 | 1270.8 |
         Abyss |    194 |    194 |      0 |      0 |      9 |   4 |   48.5 |
   Pandemonium |   1954 |   1954 |      0 |    572 |    212 |   5 |  390.8 |
         Sewer |    233 |    233 |      0 |     13 |    179 |   1 |  233.0 |
      Ice Cave |    175 |    175 |      0 |      0 |     68 |   1 |  175.0 |
       Volcano |    575 |    575 |      0 |    185 |    165 |   1 |  575.0 |
      Gauntlet |    375 |    375 |      0 |      7 |    173 |   1 |  375.0 |
               +--------+--------+--------+--------+--------+-----+--------+

Top non-repeatable levels by time:
Vaults:1: 2406 daAuts
Vaults:5: 2380 daAuts
 Snake:4: 2188 daAuts
Vaults:3: 2153 daAuts
   Orc:2: 2044 daAuts
    D:10: 1935 daAuts
     D:4: 1874 daAuts
     D:8: 1836 daAuts
  Lair:1: 1742 daAuts
     D:9: 1738 daAuts
Vaults:2: 1722 daAuts
  Lair:3: 1712 daAuts
     D:7: 1683 daAuts
 Slime:4: 1678 daAuts
   Elf:2: 1593 daAuts
